 Dungeon Crawl Stone Soup version 0.23-a0-586-gacb4b3f (console) character file.

6302 preimage the Spear-Bearer (level 10, -2/88 HPs)
             Began as a Demigod Fighter on Dec 18, 2018.
             Slain by a troll (12 damage)
             ... on level 8 of the Dungeon.
             The game lasted 00:19:04 (12215 turns).

preimage the Spear-Bearer (Demigod Fighter)        Turns: 12215, Time: 00:19:04

Health: -2/88      AC: 16    Str: 19    XL:     10   Next: 37%
Magic:  13/13      EV:  3    Int: 18    God:
Gold:   463        SH:  9    Dex: 15    Spells: 9/9 levels left

rFire    . . .     SeeInvis .   j - +2 trident
rCold    . . .     Gourm    .   c - +0 shield
rNeg     . . .     Faith    .   B - +0 plate armour
rPois    .         Spirit   .   y - +1 helmet
rElec    .         Reflect  .   (no cloak)
rCorr    +         Harm     .   x - +1 pair of gloves
MR       +....                  (no boots)
Stlth    ..........             C - amulet of the acrobat
HPRegen  0.24/turn              k - ring of resist corrosion
MPRegen  0.13/turn              (no ring)

@: no status effects
A: high mp 1
a: no special abilities


You were on level 8 of the Dungeon.
You were not hungry.

You visited 2 branches of the dungeon, and saw 9 of its levels.

You collected 463 gold pieces.

Inventory:

Hand Weapons
 d - a +9 blowgun
 j - a +2 trident (weapon)
 w - a +0 shortbow
Missiles
 g - 22 poisoned needles
 r - 174 arrows
Armour
 c - a +0 shield (worn)
 x - a +1 pair of gloves (worn)
 y - a +1 helmet (worn)
 B - a +0 plate armour (worn)
Jewellery
 k - a ring of resist corrosion (left hand)
 C - an amulet of the acrobat (around neck)
Wands
 a - a wand of enslavement (5)
 m - a wand of flame (8)
 q - a wand of paralysis (9)
Scrolls
 b - 3 scrolls of teleportation
 h - 2 scrolls of remove curse
 l - 3 scrolls of immolation
 s - a scroll of enchant armour
 t - 2 scrolls of fear
 E - 2 scrolls of enchant weapon
 F - a scroll of identify
Potions
 e - 5 potions of heal wounds
 i - 3 potions of flight
 n - a potion of brilliance
 o - 3 potions of curing
 z - 3 potions of agility
 A - 2 potions of haste
Comestibles
 f - 14 rations


   Skills:
 + Level 8.2 Fighting
 + Level 11.9 Polearms
 - Level 5.0 Armour
 - Level 2.6 Shields


You had 9 spell levels left.
You didn't know any spells.
Your spell library was empty.

Dungeon Overview and Level Annotations

Branches:
Dungeon (8/15)             Temple (1/1) D:7
   Lair: D:8-11

Annotations:
D:7 Prince Ribbit
D:8 2 runed doors


Innate Abilities, Weirdness & Mutations

You have an increased reservoir of magic. (+10% MP)


Message History

The troll is moderately wounded.
The troll closely misses you. x2; The troll claws you.
* * * LOW HITPOINT WARNING * * *
A water moccasin comes into view.
There is an open door, spattered with blood here.
Items here: )))) [[[ Evoke which item? (* to show all) (? for menu, Esc to quit)
Aiming: Paralyse
Press: ? - help, Shift-Dir - straight line, f - troll
Aim: a troll (chance to defeat MR: 46%)
The troll resists with some effort.
You block the troll's attack. The troll claws you but does no damage.
The troll claws you!
* * * LOW HITPOINT WARNING * * *
Evoke which item? (* to show all) (? for menu, Esc to quit)
Aiming: Paralyse
Press: ? - help, Shift-Dir - straight line, f/p - troll
Aim: a troll (chance to defeat MR: 46%)
The troll resists with some effort.
You block the hornet zombie's attack. The troll bites you!
You die...

#.#
####..###..[..#≈.............
#.#
##..###..###..#≈.♣♣♣♣....♣♣♣♣
..# #.###..###....#≈. ♣....♣
..# #.#..###...#..# ♣....♣
..###S.###(..###..# ♣....♣
#'#..###..)### #..# ......
##..##...### #..# ≈≈≈≈≈≈≈≈
..###..### #T########
###...## #@#.##...# #...###
#Z#..#...# ..### #.##.#...#
### ######.#..#...#### .#
#.....><.#.......###### .#
#........#............. .#
####........#.......##.... .#
#...####............##.... .#
#...# #............##....


You could see a troll and a hornet zombie.

Vanquished Creatures
  Pikel (D:6)
  A manticore (D:8)
  An efreet (D:8)
  A vampire (D:7)
  Sigmund (D:5)
  A human (D:7)
  3 hogs
  A yak (D:7)
  Edmund (D:5)
  Duvessa (D:6)
  A water moccasin (D:8)
  A black bear (D:8)
  3 slaves
  2 sky beasts (D:8)
  A phantom (D:8)
  2 orc warriors
  6 ogres
  4 centaurs
  A big kobold (D:8)
  A wyvern zombie (D:8)
  5 bullfrogs
  3 scorpions
  Dowan (D:6)
  A water moccasin skeleton (D:4)
  8 wights
  An electric eel (D:8)
  2 howler monkeys (D:6)
  4 crimson imps
  A centaur zombie (D:7)
  3 hounds
  2 jellies
  6 orc priests
  9 orc wizards
  4 iguanas
  10 worker ants
  13 adders
  3 shadow imps
  An ooze (D:3)
  2 adder skeletons
  2 worms (D:2)
  2 dart slugs
  4 leopard geckos
  39 orcs
  5 bats
  3 giant cockroaches
  12 goblins
  4 hobgoblins
  9 jackals
  2 quokkas
  A ball python (D:3)
  5 frilled lizards
  A jackal zombie (D:6)
  11 kobolds
  A quokka skeleton (D:6)
  8 rats
222 creatures vanquished.

Notes
Turn   | Place    | Note
-------+----------+-------------------------------------------
     0 | D:1      | preimage the Demigod Fighter began the quest for the Orb.
     0 | D:1      | Reached XP level 1. HP: 18/18 MP: 3/3
    30 | D:1      | Reached skill level 2 in Polearms
   322 | D:1      | Reached XP level 2. HP: 23/25 MP: 4/4
   624 | D:1      | Reached skill level 3 in Polearms
  1303 | D:2      | Reached XP level 3. HP: 30/30 MP: 5/5
  1724 | D:3      | You fall through a shaft for 2 floors!
  1724 | D:5      | Entered Level 5 of the Dungeon
  1788 | D:5      | Reached XP level 4. HP: 28/37 MP: 6/6
  1867 | D:5      | Noticed Edmund
  1907 | D:5      | Killed Edmund
  1907 | D:5      | Reached skill level 4 in Polearms
  1907 | D:5      | Reached XP level 5. HP: 37/42 MP: 7/7
  2114 | D:5      | Noticed Sigmund
  3143 | D:3      | Found an ornate altar of the Wu Jian Council.
  3311 | D:3      | Reached XP level 6. HP: 34/50 MP: 8/8
  3345 | D:3      | Found a snail-covered altar of Cheibriados.
  3621 | D:4      | Reached skill level 5 in Polearms
  4440 | D:4      | Reached skill level 5 in Armour
  4893 | D:5      | Found a radiant altar of Vehumet.
  4953 | D:5      | Reached skill level 6 in Polearms
  4953 | D:5      | Reached XP level 7. HP: 48/56 MP: 9/9
  5411 | D:5      | Reached skill level 7 in Polearms
  5556 | D:5      | Killed Sigmund
  5663 | D:6      | Noticed Duvessa
  5672 | D:6      | Noticed Dowan
  5787 | D:6      | Noticed Pikel
  5921 | D:6      | HP: 2/56 [ogre/+0 giant club (11)]
  5923 | D:6      | Reached skill level 8 in Polearms
  5923 | D:6      | Reached XP level 8. HP: 3/62 MP: 10/10
  6676 | D:6      | Reached skill level 9 in Polearms
  7518 | D:6      | Killed Pikel
  7518 | D:6      | Reached skill level 10 in Polearms
  7629 | D:6      | Reached XP level 9. HP: 64/72 MP: 11/11
  7665 | D:6      | Killed Dowan
  7708 | D:6      | Killed Duvessa
  8189 | D:6      | Reached skill level 5 in Fighting
  8745 | D:7      | Found a staircase to the Ecumenical Temple.
  9109 | D:7      | Noticed Prince Ribbit
  9563 | Temple   | Entered the Ecumenical Temple
  9857 | D:7      | Reached skill level 11 in Polearms
 10691 | D:8      | Found an ancient bone altar of Kikubaaqudgha.
 10750 | D:8      | Found a shattered altar of Ashenzari.
 10764 | D:8      | Reached XP level 10. HP: 86/86 MP: 13/13
 11687 | D:8      | Found a runed door.
 11689 | D:8      | Found a runed door.
 11689 | D:8      | Noticed a skeletal warrior
 11958 | D:8      | Noticed a manticore
 11978 | D:8      | Killed a manticore
 12215 | D:8      | Slain by a troll

Vault maps used:
D:1:      saegor_arrival_simple_d
D:2:      kennysheep_six_static_rooms, grunt_ministairs_12
D:3:      minmay_inner_zag, lemuel_doored_altar, nicolae_overflow_crystal_walls,
          minivault_19
D:4:      kennysheep_the_goblin_king
D:5:      overflow_temple_1_default, first_ration, uniq_sigmund, uniq_edmund
D:6:      minmay_thinvault, uniq_pikel, uniq_duvessa
D:7:      minmay_temple_entry_wispy, grunt_livestock, uniq_prince_ribbit1
D:8:      minmay_the_grid_triangle_9x9_recursive_2,
          nicolae_ashenzari_panopticon, basic_altar, kennysheep_dice
Temple:   minmay_temple_curvy_branch

Skill      XL: |  1  2  3  4  5  6  7  8  9 10 |
---------------+-------------------------------+-----
Polearms       | 2 3 4 6 8 10 11 | 11.9
Armour         | 3 4 5 |  5.0
Fighting       | 4 7 8 |  8.2
Shields        | |  2.6

Action                   |  1- 3 |  4- 6 |  7- 9 | 10-12 || total
-------------------------+-------+-------+-------+-------++-------
Melee: Trident           |   121 |   285 |   716 |   128 ||  1250
 Fire: Blowgun           |       |       |       |     7 ||     7
Evoke: Wand              |       |       |     7 |     5 ||    12
  Use: Scroll            |     1 |     4 |    13 |       ||    18
       Potion            |       |     1 |     4 |     1 ||     6
 Stab: Invisible         |       |       |     5 |       ||     5
       Paralysed         |       |       |       |     3 ||     3
  Eat: Chunk             |     2 |     8 |    16 |     1 ||    27
       Ration            |       |     1 |     1 |     1 ||     3
Armor: Scale mail        |    27 |       |       |       ||    27
       Chain mail        |     4 |   130 |   160 |       ||   294
       Skin              |       |       |     3 |       ||     3
       Plate armour      |       |       |   108 |    58 ||   166
Dodge: Dodged            |    22 |    42 |   150 |    26 ||   240
Block: Shield            |    45 |    97 |   270 |    46 ||   458

Table legend:
 A = Non-vault XP
 B = Vault XP
 C = Vault XP percentage of total XP
 D = Non-vault monster count
 E = Vault monster count
 F = Vault count percentage of total count
                 A         B        C        D         E       F
            +---------+---------+-------+---------+---------+-------
      Total |    4809 |    4194 |  46.6 |     177 |      42 |  19.2
            +---------+---------+-------+---------+---------+-------
        D:1 |      32 |       0 |   0.0 |      19 |       0 |   0.0
        D:2 |      18 |       4 |  18.2 |       8 |       2 |  20.0
        D:3 |     161 |      11 |   6.4 |      32 |       6 |  15.8
        D:4 |     240 |      14 |   5.5 |       8 |       7 |  46.7
        D:5 |     768 |     383 |  33.3 |      21 |       2 |   8.7
        D:6 |    1142 |    1120 |  49.5 |      37 |      11 |  22.9
        D:7 |    1093 |    1024 |  48.4 |      28 |       5 |  15.2
        D:8 |    1355 |    1436 |  51.5 |      24 |       8 |  25.0
     Temple |       0 |     202 | 100.0 |       0 |       1 | 100.0
            +---------+---------+-------+---------+---------+-------
